Unix NetHack Version 3.7.0-51 Work-in-progress - last build Mar 7 2022 13:06:07 (ce1e6a145e5d3e7dd6f4b57ba37794bc207988de,branch:master). Game began 2022-03-16 09:19:13, ended 2022-03-16 09:58:31. elenmirie, neutral female gnomish Archeologist ----- ----- --------- |...| ..<.| ------------ #........| |....## #|.{.-# #.._........| ###|.......| |...| # ##.(..|# #|..........| # --|------ |....#### ##-.---# #-----.------ # # ---.- # ##### # % # #### # # ######## ##### # ## # # ## # ## ## ## #### # # # # # ##### ## ##### # # # #### # ###--------## # #### # # ## ### #|......|## #------############# # # ------------.-- #|.......## #|..>.|# --.--.- # # |.............| #.......| #|....|# |.....|#) # ## |.............| -------- #|....-0 ###......|# --.--|--- |..............#### #.....|####0 |.....|d |.......| --------------- ##### |....|# |.....|@ |.......| ######## ------# |.....u# |.......| ##############0 ------- |.......| --------- Elenmirie the Field Worker St:14 Dx:13 Co:12 In:14 Wi:16 Ch:9 Neutral Dlvl:4 $:0 HP:0(27) Pw:10(10) AC:7 Xp:4/122 T:2874 Latest messages: There is a rock piercer corpse here; eat it? [ynq] (n) y Blecch! Rotten food! You finish eating the rock piercer corpse. You kill the coyote! The coyote bites! You miss the coyote. You lash the coyote. The coyote bites! You miss the coyote. The coyote bites! You kill the coyote! You see here a coyote corpse. There is a coyote corpse here; eat it? [ynq] (n) y This coyote corpse tastes okay. You hear some noises in the distance. You finish eating the coyote corpse. What do you want to zap? [JL or ?*] ? In what direction? l You kill the floating eye! You see here a tripe ration. P - a tripe ration. With great effort you move the boulder. You try to move the boulder, but in vain. You try to move the boulder, but in vain. You see here a cursed crude dagger. Yermak steps reluctantly over a cursed crude dagger. You see here a cursed crude dagger. In what direction? j You swap places with Yermak. You see here a cursed crude dagger. The pony kicks! The pony bites! You lash the pony. The pony kicks! The pony bites! The pony kicks! The pony bites! You lash the pony. The pony kicks! The pony bites! The pony kicks! The pony bites! You stop. Yermak is in the way! The pony kicks! You die... Do you want your possessions identified? [ynq] (y) y Do you want to see your attributes? [ynq] (y) y Do you want an account of creatures vanquished? [ynaq] (y) y Do you want to see your conduct and achievements? [ynq] (y) y Do you want to see the dungeon overview? [ynq] (y) y Major events: Turn 1: elenmirie the neutral female gnomish Archeologist entered the dungeon 1171: entered the Gnomish Mines 1506: attained the rank of Field Worker (level 3) 2874: killed by a pony Inventory: Weapons a - an uncursed +2 bullwhip (weapon in hand) Armor c - an uncursed +0 fedora (being worn) j - an uncursed +0 pair of gauntlets of dexterity (being worn) i - an uncursed +0 leather cloak (being worn) b - an uncursed +0 leather jacket (being worn) Comestibles d - 6 uncursed food rations P - an uncursed tripe ration Wands J - an uncursed wand of cold (0:3) L - an uncursed wand of magic missile (0:4) Tools w - an uncursed oilskin sack containing 13 items x - an empty uncursed sack e - an uncursed credit card H - an uncursed oil lamp k - a cursed tallow candle t - an uncursed tinning kit (0:36) Gems/Stones g - an uncursed touchstone Contents of the oilskin sack: 957 gold pieces an uncursed scroll of amnesia an uncursed scroll of charging an uncursed scroll of genocide an uncursed scroll of gold detection a blessed scroll of identify 3 uncursed scrolls of identify an uncursed scroll of light an uncursed scroll of scare monster an uncursed potion of enlightenment an uncursed potion of invisibility an uncursed potion of oil an uncursed +0 pick-axe Elenmirie the Archeologist's attributes: Background: You were a Field Worker, a level 4 female gnomish Archeologist. You were neutral, on a mission for Camaxtli who was opposed by Quetzalcoatl (lawful) and Huhetotl (chaotic). You were in the Dungeons of Doom, on level 4. You entered the dungeon 2874 turns ago. You had 122 experience points, 38 more were needed to attain level 5. Basics: You had 0 out of 27 hit points. You had all 10 energy points (spell power). Your armor class was 7. Your wallet was empty. Autopickup was on for '$' plus thrown. Final Characteristics: Your strength was 14 (limit:18/50). Your dexterity was 13 (peak:14, limit:18). Your constitution was 12 (limit:18). Your intelligence was 14 (limit:19). Your wisdom was 16 (limit:18). Your charisma was 9 (limit:18). Final Status: You were not hungry. You were unencumbered. You were wielding a whip. You had basic skill with whip. Final Attributes: You were devoutly aligned. You had infravision. You were stealthy. You were warded. You were fast. You are dead. Miscellaneous: You never encountered a bones level. Total elapsed playing time was 39 minutes and 13 seconds. Vanquished creatures: a small mimic a rock piercer a shrieker a floating eye 2 homunculi 2 coyotes a large kobold 2 giant rats a gecko 8 jackals 2 foxes 2 goblins a sewer rat 5 grid bugs 3 lichens a kobold zombie 6 newts 40 creatures vanquished. No species were genocided or became extinct. Voluntary challenges: You read items or engraved 3 times. You never engraved Elbereth. You never genocided any monsters. You never polymorphed an object. You never changed form. You used no wishes. Achievements: You entered the Gnomish Mines. You entered a shop. You attained the rank of Field Worker. The Dungeons of Doom: levels 1 to 4 Level 1: A fountain. Level 2: A weapon shop, a sink. Stairs down to The Gnomish Mines. Level 3: A general store, a fountain. Level 4: <- You were here. An altar to Camaxtli, a fountain. Final resting place for you, killed by a pony. The Gnomish Mines: Level 3: Game over: ---------- / \ / REST \ / IN \ / PEACE \ / \ | elenmirie | | 957 Au | | killed by a pony | | | | | | | | 2022 | *| * * * | * _________)/\\_//(\/(/\)/\//\/|_)_______ Goodbye elenmirie the Archeologist... You died in The Dungeons of Doom on dungeon level 4 with 1510 points, and 957 pieces of gold, after 2874 moves. You were level 4 with a maximum of 27 hit points when you died.